 Dungeon Crawl Stone Soup version 0.20-a0-351-gc9b4002 (webtiles) character file.

81132 Eptagon the Severer (level 15, -7/139 HPs)
             Began as a Minotaur Berserker on Dec 24, 2016.
             Was a High Priest of Trog.
             Mangled by a meliai
             ... wielding a +2 war axe of electrocution
             ... summoned by a glowing orange brain
              (12 damage)
             ... on level 13 of the Dungeon on Dec 25, 2016.
             The game lasted 00:56:40 (21165 turns).

Eptagon the Severer (Minotaur Berserker)           Turns: 21165, Time: 00:56:40

Health: -7/139     AC: 22    Str: 26      XL:     15   Next: 25%
Magic:  14/14      EV: 16    Int:  3 (4)  God:    Trog [*****.]
Gold:   783        SH:  0    Dex: 18      Spells: 14/14 levels left

rFire  . . .     SeeInvis .     a - +1 executioner's axe (freeze)
rCold  + + .     Gourm    .     u - +0 plate armour {rC+}
rNeg   . . .     Faith    .     (shield currently unavailable)
rPois  +         Spirit   .     O - +2 hat
rElec  .         Reflect  .     T - +2 cloak {rC+}
rCorr  .         Harm     .     (no gloves)
MR     +....                    x - -1 pair of boots
Stlth  ..........               (no amulet)
                                P - ring of poison resistance
                                r - +6 ring of dexterity

@: no status effects
A: retaliatory headbutt, horns 2
a: Berserk, Trog's Hand, Brothers in Arms, Burn Spellbooks, Renounce Religion


You were on level 13 of the Dungeon.
You worshipped Trog.
Trog was extremely pleased with you.
You were not hungry.

You visited 3 branches of the dungeon, and saw 21 of its levels.
You also visited: Labyrinth, Ice Cave and Volcano.

You collected 2103 gold pieces.
You spent 1320 gold pieces at shops.

Inventory:

Hand Weapons
 a - a +1 executioner's axe of freezing (weapon)
 b - a +4 antimagic battleaxe
 o - a +1 battleaxe of flaming
Missiles
 e - 3 javelins of returning (quivered)
Armour
 u - a +0 plate armour of cold resistance (worn)
 x - a -1 pair of boots (worn)
 O - a +2 hat (worn)
 T - a +2 cloak of cold resistance (worn)
Jewellery
 f - an uncursed ring of flight
 k - an uncursed ring of resist corrosion
 r - a +6 ring of dexterity (left hand)
 w - an uncursed ring of protection from cold
 C - the ring of Disaster {rPois rC- Str+2 Int+4}
   (You found it on level 7 of the Dungeon)

   [ring of strength]

   It affects your strength (+2).
   It affects your intelligence (+4).
   It makes you vulnerable to cold.
   It protects you from poison.
 P - a ring of poison resistance (right hand)
Wands
 j - a wand of lightning (4/15)
 I - a wand of lightning (5/15)
 K - a wand of acid (6/15)
 S - a wand of acid (6/15)
 U - a wand of disintegration (21/24)
Scrolls
 l - 4 scrolls of enchant armour
 s - 5 scrolls of blinking
 t - 7 scrolls of remove curse
 y - 5 scrolls of teleportation
 B - 4 scrolls of recharging
 F - a scroll of identify
 H - 2 scrolls of enchant weapon
 N - a scroll of brand weapon
Potions
 g - 2 potions of ambrosia
 m - 4 potions of agility
 n - 5 potions of resistance
 p - 2 potions of might
 q - 5 potions of curing
 z - 3 potions of cancellation
 A - 5 potions of flight
 D - 4 potions of haste
 Q - 2 potions of invisibility
Miscellaneous
 L - a lamp of fire
 M - a phial of floods
Comestibles
 c - 13 bread rations
 d - 6 chunks of flesh
 h - 9 beef jerkies
 i - 7 meat rations
 v - 5 fruits


   Skills:
 + Level 14.8 Fighting
 * Level 19.0 Axes
 + Level 14.4 Armour
 + Level 13.2 Dodging


You had 14 spell levels left.
You didn't know any spells.

Dungeon Overview and Level Annotations

Branches:
Dungeon (13/15)            Temple (0/1) D:7            Lair (6/6) D:11
  Swamp (0/4) Lair:2        Snake (0/4) Lair:2        Slime (0/5) Lair:6
    Orc (2/2) D:12            Elf (0/3) Orc:2
 Vaults: D:13-14

Altars:
Ashenzari
Dithmenos
Elyvilon
Gozag
Hepliaklqana
Okawaru
Trog
Vehumet
Xom
The Shining One
Beogh

Shops:
D:4 ?   D:6 !   D:8 =*}*(   Orc:2 %![(


Innate Abilities, Weirdness & Mutations

You reflexively headbutt those who attack you in melee.
You have a pair of horns on your head.


Message History

You feel better. The meliai barely misses you. The meliai misses you.
The glowing orange brain pulsates.
Something tries to feed on your intellect!
The tengu warrior hits you with a great sword.
* * * LOW HITPOINT WARNING * * *
The tengu warrior pecks you but does no damage.
The tengu warrior claws you but does no damage.
The meliai hits you but does no damage. The meliai closely misses you.
You see here 3 stones.
You feel much better.
The meliai calls down the wrath of its god upon you.
Something smites you!
* * * LOW HITPOINT WARNING * * *
The meliai barely misses you. The meliai misses you.
The glowing orange brain pulsates ominously.
Your deep troll goes berserk!
You feel somewhat more hungry. The meliai barely misses you.
The meliai stings you but does no damage.
The meliai hits you with a war axe of electrocution!
You die...

#### #..### ##
#....### .##
#.#....### ..###
#[###....### ...###
#...###...(###S...#.#.
#....)###(T)@yQG......
####### #############.


You could see a tengu warrior, a glowing orange brain, a water moccasin, a
meliai and a friendly deep troll (berserk).

Vanquished Creatures
  A frost giant (IceCv)
  2 orc warlords
  A minotaur (Lab)
  2 fire dragons
  Josephine (D:12)
  Fannar (D:12)
  4 hydras
  Erica (Lair:1)
  6 two-headed ogres
  4 orc high priests (Orc:2)
  Nergalle (Lair:4)
  The ghost of Leibowitz the Slicer, a novice KoGl of Gozag (D:8)
  A sun demon (Volcano)
  A lindwurm (Lair:6)
  2 orc knights (Orc:2)
  A manticore (D:12)
  5 orc sorcerers
  3 cyclopes
  3 ugly things (Volcano)
  8 elephants
  An ice statue (IceCv)
  4 spiny frogs
  A torpor snail (Lair:5)
  4 black mambas
  2 gargoyles (D:10)
  Joseph (D:8)
  4 molten gargoyles
  A rime drake (Lair:5)
  8 komodo dragons
  6 trolls
  17 polar bears
  10 blink frogs
  A meliai zombie (D:12)
  7 hippogriffs
  6 fire bats
  5 wraiths (D:12)
  10 wyverns
  26 yaks
  7 basilisks
  2 steam dragons
  3 hungry ghosts (D:12)
  2 vampire mosquitoes (D:12)
  Menkaure (D:4)
  A two-headed ogre zombie (D:12)
  4 nagas (Lair:2)
  An acid dragon (D:12)
  8 water moccasins
  2 hell hounds
  5 porcupines
  A swamp drake (D:11)
  35 orc warriors
  2 ice beasts
  A necrophage (D:12)
  A phantom (D:11)
  2 black bears
  2 sky beasts
  9 ogres
  35 wolves
  11 crocodiles
  8 centaurs
  3 big kobolds
  16 bullfrogs
  2 wyvern skeletons
  6 jellies
  3 scorpions
  12 killer bees
  5 wights (D:11)
  3 howler monkeys
  3 electric eels
  11 crimson imps
  10 lava snakes
  2 bullfrog zombies
  6 hounds
  3 centaur zombies
  20 orc priests
  Crazy Yiuf (D:4)
  3 bullfrog skeletons
  33 orc wizards
  2 centaur skeletons
  4 iguanas
  7 worker ants
  A killer bee zombie (D:8)
  7 ogre zombies (D:12)
  2 hound skeletons
  A worker ant zombie (D:11)
  13 adders
  5 gnolls
  4 shadow imps
  An ooze (D:1)
  An adder zombie (D:5)
  A dart slug (D:2)
  A worm (D:2)
  6 leopard geckos
  114 orcs
  7 bats
  4 giant cockroaches
  5 goblins
  8 hobgoblins
  7 jackals
  27 kobolds
  5 quokkas
  2 ball pythons
  9 frilled lizards
  2 goblin skeletons (D:12)
  2 goblin zombies (D:12)
  2 hobgoblin skeletons (D:12)
  3 hobgoblin zombies (D:12)
  A leopard gecko skeleton (D:4)
  2 leopard gecko zombies
  2 orc skeletons (D:12)
  14 orc zombies (D:12)
  9 rats
  A fire vortex (Lair:5)
  3 fungi
  A plant (Lair:2)
734 creatures vanquished.

Vanquished Creatures (collateral kills)
  4 hydras
  A molten gargoyle (Lair:6)
  3 komodo dragons (Lair:6)
  A hippogriff (Lair:4)
  A wyvern (Lair:6)
  A basilisk (Lair:6)
  A steam dragon (Lair:6)
  3 hell hounds (Lair:6)
  A lava snake (Lair:6)
16 creatures vanquished.

Vanquished Creatures (others)
  An orc wizard (Orc:2)
  An orc (D:11)
  4 fungi
  3 plants (Lair:6)
9 creatures vanquished.

Grand Total: 759 creatures vanquished

Notes
Turn   | Place    | Note
-------+----------+-------------------------------------------
     0 | D:1      | Eptagon the Minotaur Berserker began the quest for the Orb.
     0 | D:1      | Reached XP level 1. HP: 19/19 MP: 0/0
     4 | D:1      | Noticed a merfolk zombie
   135 | D:1      | Reached XP level 2. HP: 23/27 MP: 1/1
   171 | D:1      | Reached skill level 4 in Axes
   652 | D:1      | Reached XP level 3. HP: 33/33 MP: 2/2
   702 | D:1      | Reached ** piety under Trog
  1204 | D:2      | Reached XP level 4. HP: 39/40 MP: 3/3
  1661 | D:3      | Found a faded altar of an unknown god.
  1786 | D:3      | Found a bloodstained altar of Trog.
  1815 | D:3      | Reached *** piety under Trog
  1859 | D:4      | Found a shattered altar of Ashenzari.
  1956 | D:4      | Reached XP level 5. HP: 45/47 MP: 4/4
  1968 | D:4      | Found Apnoumpix's Magic Scroll Shoppe.
  1973 | D:4      | Bought a scroll of remove curse for 30 gold pieces
  1973 | D:4      | Bought a scroll of remove curse for 30 gold pieces
  1973 | D:4      | Bought a scroll of identify for 20 gold pieces
  1973 | D:4      | Bought a scroll of identify for 20 gold pieces
  1973 | D:4      | Bought a scroll of identify for 20 gold pieces
  2073 | D:4      | Noticed Menkaure
  2082 | D:4      | Killed Menkaure
  2082 | D:4      | Reached skill level 5 in Fighting
  2082 | D:4      | Reached skill level 5 in Axes
  2082 | D:4      | Reached XP level 6. HP: 56/56 MP: 5/5
  2285 | D:4      | Found a runed door.
  2394 | D:4      | Noticed Crazy Yiuf
  2398 | D:4      | Killed Crazy Yiuf
  2456 | D:5      | Entered Level 5 of the Dungeon
  2700 | D:5      | Reached XP level 7. HP: 60/62 MP: 6/6
  2809 | D:5      | Reached skill level 6 in Axes
  2809 | D:5      | Reached skill level 5 in Armour
  2809 | D:5      | Reached skill level 5 in Dodging
  2848 | D:5      | Found an opulent altar of Gozag.
  3142 | D:5      | Found an iron altar of Okawaru.
  3142 | D:5      | Found a bloodstained altar of Trog.
  3431 | D:5      | Reached **** piety under Trog
  3591 | D:6      | Reached XP level 8. HP: 71/71 MP: 7/7
  3815 | D:6      | Found a hazy altar of Hepliaklqana.
  3900 | D:6      | Found Vuesh's Distillery.
  3905 | D:6      | Bought a potion of might for 60 gold pieces
  3966 | D:6      | Reached skill level 7 in Axes
  4723 | D:7      | Got a sparkling iron ring
  4725 | D:7      | Identified the ring of Disaster {rPois rC- Str+2 Int+4} (You found it on level 7 of the Dungeon)
  4980 | D:7      | Reached XP level 9. HP: 73/81 MP: 8/8
  5110 | D:7      | Reached skill level 8 in Axes
  5376 | D:7      | Identified a scroll of acquirement
  5413 | D:7      | Found a staircase to the Ecumenical Temple.
  5571 | D:8      | Noticed Joseph
  5578 | D:8      | Noticed Leibowitz's ghost (novice KoGl)
  5590 | D:8      | Killed Joseph
  5819 | D:8      | Killed Leibowitz's ghost
  5819 | D:8      | Reached skill level 9 in Axes
  5990 | D:8      | Found Yjenewk's Gadget Shoppe.
  6011 | D:8      | Found Jogeng Buta's Jewellery Shop.
  6128 | D:8      | Found Kuwu's Assorted Antiques.
  6131 | D:8      | Bought a scroll labeled WOSICV TATYA for 23 gold pieces
  6131 | D:8      | Bought a fuming grey potion for 20 gold pieces
  6173 | D:8      | Found a glowing golden altar of the Shining One.
  6183 | D:8      | Reached ***** piety under Trog
  6184 | D:8      | Found Byru's General Store.
  6194 | D:8      | Bought a scroll of identify for 24 gold pieces
  6210 | D:8      | Noticed a two-headed ogre
  6217 | D:8      | Killed a two-headed ogre
  6217 | D:8      | Reached XP level 10. HP: 56/93 MP: 9/9
  6561 | D:8      | Found Foar's Weapon Boutique.
  6647 | D:8      | Reached skill level 10 in Fighting
  6735 | D:8      | Found a radiant altar of Vehumet.
  6735 | D:8      | Found a white marble altar of Elyvilon.
  6735 | D:8      | Found a shimmering altar of Xom.
  6735 | D:8      | Found a shattered altar of Ashenzari.
  6900 | D:9      | Noticed a two-headed ogre
  6907 | D:9      | Killed a two-headed ogre
  6907 | D:9      | Reached skill level 10 in Axes
  6996 | D:9      | Noticed a two-headed ogre
  7001 | D:9      | Killed a two-headed ogre
  7194 | D:9      | Noticed a two-headed ogre
  7200 | D:9      | Killed a two-headed ogre
  7200 | D:9      | Reached skill level 10 in Armour
  7455 | D:9      | Found a shadowy altar of Dithmenos.
  7630 | D:10     | Entered Level 10 of the Dungeon
  7696 | D:10     | Noticed a gargoyle
  7706 | D:10     | Killed a gargoyle
  7798 | D:10     | Noticed a gargoyle
  7814 | D:10     | Killed a gargoyle
  7814 | D:10     | Reached XP level 11. HP: 91/102 MP: 10/10
  8157 | D:10     | Received a gift from Trog
  8355 | D:11     | Reached skill level 11 in Axes
  8845 | D:11     | Found a staircase to the Lair.
  8973 | D:11     | Reached skill level 10 in Dodging
  9619 | D:12     | Found a labyrinth entrance.
  9629 | Lab      | Entered a labyrinth
  9756 | Lab      | Noticed a minotaur
  9764 | Lab      | Killed a minotaur
  9764 | Lab      | Reached skill level 12 in Axes
 10014 | D:12     | Reached skill level 14 in Axes
 10014 | D:12     | Reached XP level 12. HP: 112/112 MP: 11/11
 10048 | D:12     | Paralysed by fainting for 6 turns
 10059 | D:12     | Reached skill level 15 in Axes
 10173 | D:12     | Noticed Fannar
 10191 | D:12     | Killed Fannar
 10228 | D:12     | Found a staircase to the Orcish Mines.
 10297 | D:12     | Received a gift from Trog
 10319 | D:12     | Noticed Josephine
 10327 | D:12     | Killed Josephine
 10327 | D:12     | Reached XP level 13. HP: 102/118 MP: 4/12
 10998 | Lair:1   | Entered Level 1 of the Lair of Beasts
 11122 | Lair:1   | Noticed Erica
 11135 | Lair:1   | Killed Erica
 11386 | Lair:1   | Found a dark tunnel.
 11395 | Volcano  | Entered a volcano
 11407 | Volcano  | Reached skill level 16 in Axes
 11791 | Volcano  | Found a bloodstained altar of Trog.
 12675 | Lair:1   | Noticed a fire dragon
 12682 | Lair:1   | Killed a fire dragon
 13311 | Lair:2   | Received a gift from Trog
 13312 | Lair:2   | Found a staircase to the Snake Pit.
 13659 | Lair:2   | Found a staircase to the Swamp.
 14209 | Lair:3   | Reached skill level 17 in Axes
 14633 | Lair:4   | Noticed Nergalle
 14644 | Lair:4   | Killed Nergalle
 14664 | Lair:4   | Reached XP level 14. HP: 129/129 MP: 13/13
 14742 | Lair:4   | Found a frozen archway.
 14797 | IceCv    | Entered an ice cave
 15149 | IceCv    | Received a gift from Trog
 15348 | IceCv    | Noticed a frost giant
 15357 | IceCv    | Killed a frost giant
 15398 | IceCv    | Got a slimy great mace
 15399 | IceCv    | Identified the +6 great mace of Piozut {venom, Stlth+} (You found it in an ice cave)
 15403 | IceCv    | Got a scorched glaive
 15404 | IceCv    | Identified the +6 glaive "Lacertilianslayer" {flame, +Fly rC- Int+9} (You found it in an ice cave)
 16932 | Lair:5   | Found a runed door.
 17587 | Lair:5   | Upgraded the game from 0.20-a0-350-ga83eecc to 0.20-a0-351-gc9b4002
 17611 | Lair:6   | Entered Level 6 of the Lair of Beasts
 17611 | Lair:6   | Found a staircase to the Slime Pits.
 17760 | Lair:6   | Reached skill level 18 in Axes
 17791 | Lair:6   | Received a gift from Trog
 18371 | Lair:6   | Found a large runed door.
 18372 | Lair:6   | Found a large runed door.
 19061 | Orc:1    | Entered Level 1 of the Orcish Mines
 19064 | Orc:1    | Found a roughly hewn altar of Beogh.
 19075 | Orc:1    | Noticed an orc warlord
 19085 | Orc:1    | Killed an orc warlord
 19493 | Orc:2    | Entered Level 2 of the Orcish Mines
 19666 | Orc:2    | Reached XP level 15. HP: 139/139 MP: 14/14
 19677 | Orc:2    | Found a roughly hewn altar of Beogh.
 19817 | Orc:2    | Found a staircase to the Elven Halls.
 19874 | Orc:2    | Received a gift from Trog
 19996 | Orc:2    | Found a roughly hewn altar of Beogh.
 19996 | Orc:2    | Found Nuot's Distillery.
 20045 | Orc:2    | Reached ****** piety under Trog
 20107 | Orc:2    | Found a roughly hewn altar of Beogh.
 20185 | Orc:2    | Found Yciunux's Food Shoppe.
 20245 | Orc:2    | Received a gift from Trog
 20313 | Orc:2    | Noticed an orc warlord
 20331 | Orc:2    | Killed an orc warlord
 20505 | Orc:2    | Gained mutation: Scrolls take you a little longer to read. [a neqoxec]
 20645 | Orc:2    | Lost mutation: Scrolls take you a little longer to read. [potion of cure mutation]
 20650 | Orc:2    | Found Topicho's Antique Weapon Shoppe.
 20651 | Orc:2    | Found a roughly hewn altar of Beogh.
 20652 | Orc:2    | Found Evas's Antique Armour Emporium.
 20672 | Orc:2    | Bought a glowing plate armour for 1073 gold pieces
 20718 | Orc:2    | Found a roughly hewn altar of Beogh.
 20893 | Orc:2    | Reached skill level 19 in Axes
 20905 | Orc:2    | Found a roughly hewn altar of Beogh.
 21161 | D:13     | HP: 6/139 [meliai/divine providence[a glowing orange brain] (9)]
 21161 | D:13     | HP: 2/139 [tengu warrior/great sword (4)]
 21165 | D:13     | Mangled by a meliai

Vault maps used:
D:1:      shiori_arrival_whats_in_store_for_you
D:3:      chequers_ecumenical_altar_grove, bloody_trog
D:4:      serial_shops, shop, evilmike_ruin_ashenzari, uniq_menkaure,
          uniq_crazy_yiuf_cottage
D:5:      kennysheep_mini, grunt_temple_overflow_bloody_war, first_bread,
          grunt_ministairs_2
D:6:      lemuel_round_altar, serial_shops, kennysheep_little_box,
          lemuel_statue_altar
D:8:      chequers_temple_overflow_statue_of_worship, serial_shops, shop, shop,
          nicolae_shop_waterfront, nicolae_shop_competitors_out_of_business,
          nicolae_shop_behind_doors, tso_metal_star, uniq_joseph
D:9:      corexii_shack_village, basic_altar
D:11:     erik_lair_dragon, serial_curves, eino_curves_01, eino_curves_03
D:12:     zombieorc2_lemuel, lab_entry_generic, grunt_ogre_cave, uniq_fannar,
          uniq_josephine
D:13:     minmay_tri_box
Lair:1:   dragon1_lemuel, enter_volcano_4, uniq_erica
Lair:2:   swamp_mist, minmay_snake_entry_guardpost_small
Lair:3:   nicolae_quartered_pool_medium
Lair:4:   portal_ice_cave_entry_pillars_2, beast_lair_carwin_6, uniq_nergalle
Lair:5:   pf_torpor_hydra, grunt_megastairs_4
Lair:6:   cheibrodos_lair_end_hotspot, slime_dummy
Orc:1:    basic_altar, lightli_orcish_oven
Orc:2:    grunt_orc_community_town_hall, grunt_orc_community_big_house_2,
          grunt_orc_community_big_house_1, grunt_orc_community_house_2,
          grunt_orc_community_house_2, grunt_orc_community_house_2,
          grunt_orc_community_house_1, basic_altar
Lab:      labyrinth_watery, nicolae_lab_starburst, nicolae_lab_swirl,
          nicolae_lab_garden, nicolae_lab_blocks, labyrinth_lava_lair,
          labyrinth_skeletal_remains, nicolae_lab_grate
IceCv:    ice_cave_small_giant
Volcano:  volcano_lake

Skill      XL: |  1  2  3  4  5  6  7  8  9 10 11 12 13 14 15 |
---------------+----------------------------------------------+-----
Axes           | 4 5 6 7 9 10 14 15 17 18 19 | 19.0
Fighting       | 4 5 6 8 9 11 12 13 14 | 14.8
Armour         | 3 4 5 7 9 10 11 13 14 | 14.4
Dodging        | 3 4 5 6 8 9 10 11 13 | 13.2

Action                   |  1- 3 |  4- 6 |  7- 9 | 10-12 | 13-15 || total
-------------------------+-------+-------+-------+-------+-------++-------
Melee: Hand axe          |    64 |    90 |    56 |       |       ||   210
       Headbutt          |    12 |    16 |    45 |    88 |   189 ||   350
       War axe           |       |       |   192 |   173 |       ||   365
       Executioner's axe |       |       |       |   213 |   785 ||   998
       Glaive            |       |       |       |       |    11 ||    11
Throw: Javelin           |       |       |       |       |     2 ||     2
Invok: Berserk           |     2 |     3 |     9 |    13 |    12 ||    39
       Trog's Hand       |       |       |     1 |       |     1 ||     2
       Brothers in Arms  |       |       |       |       |     6 ||     6
 Abil: Evoke Flight      |       |       |       |       |     2 ||     2
       Stop Flying       |       |       |       |       |     1 ||     1
Evoke: Wand              |       |       |       |       |     2 ||     2
       Lamp of fire      |       |       |       |       |     1 ||     1
  Use: Scroll            |     7 |     8 |     9 |     7 |    12 ||    43
       Potion            |       |       |       |     1 |     4 ||     5
  Eat: Chunk             |     3 |     7 |    20 |    29 |    44 ||   103
       Royal jelly       |       |       |       |     1 |       ||     1
       Fruit             |       |       |       |     1 |     1 ||     2
       Pizza             |       |       |       |     1 |     1 ||     2
       Beef jerky        |       |       |       |       |     2 ||     2
Armor: Animal skin       |    14 |       |       |       |       ||    14
       Ring mail         |     7 |    14 |       |       |       ||    21
       Plate armour      |       |     4 |    27 |   154 |   538 ||   723
       Chain mail        |       |       |   103 |    67 |       ||   170
Dodge: Dodged            |    42 |    46 |   144 |   235 |   664 ||  1131
Block: Buckler           |       |       |    15 |    34 |       ||    49
